| TOP OF THE 1ST |
|
Bluefield Blue Jays batting - Pitching for Texas (APP) Rangers : LHP Michael Colin
|
|
Pitching: LHP Michael Colin
|
|
|
Batting: LHB Nate Greening
|
0-0: Ball 1-0: Foul Ball, location: 2F 1-1: Swinging Strike 1-2: Strikes out swinging
|
|
Batting: RHB Akira Kubo
|
0-0: Called Strike 0-1: Fly out, F9 (Flyball, 9LD, EV 94.4 MPH)
|
|
Batting: RHB Mark Noftall
|
0-0: Ball 1-0: Fly out, F9 (Flyball, 9LM, EV 85.0 MPH)
|
| Top of the 1st over - 0 runs, 0 hits, 0 errors, 0 left on base; Bluefield 0 - Texas (APP) 0 |
| BOTTOM OF THE 1ST |
|
Texas (APP) Rangers batting - Pitching for Bluefield Blue Jays : LHP Jack Osborne
|
|
Pitching: LHP Jack Osborne
|
|
|
Batting: SHB Tim Rogers
|
0-0: Ground out 5-3 (Groundball, 56, EV 91.2 MPH)
|
|
Batting: RHB Ron Squires
|
0-0: Fly out, F8 (Flyball, 8LM, EV 94.4 MPH)
|
|
Batting: RHB Jerry Foster
|
0-0: Ball 1-0: Ball 2-0: Called Strike 2-1: Swinging Strike 2-2: Strikes out swinging
|
| Bottom of the 1st over - 0 runs, 0 hits, 0 errors, 0 left on base; Bluefield 0 - Texas (APP) 0 |
| TOP OF THE 2ND |
|
Bluefield Blue Jays batting - Pitching for Texas (APP) Rangers : LHP Michael Colin
|
|
Batting: RHB Terry Plumley
|
0-0: Ball 1-0: Foul Ball, location: 2F 1-1: Ball 2-1: Foul Ball, location: 2F 2-2: Ball 3-2: Base on Balls
|
|
Batting: RHB Jorge Cruz
|
0-0: 2-RUN HOME RUN (Flyball, 7LD, EV 95.6 MPH), Distance : 356 ft
|
|
Batting: RHB John Rios
|
0-0: Ball 1-0: Ball 2-0: Ball 3-0: Called Strike 3-1: Base on Balls
|
|
Batting: RHB Manny Elizondo
|
0-0: Ball 1-0: Ball 2-0: Foul Ball, location: 2F 2-1: Grounds into double play, 6-4-3 (Groundball, 6M, EV 105.6 MPH)
|
|
Batting: LHB Ron de Vos
|
0-0: Foul Ball, location: 2F 0-1: Ball 1-1: Foul Ball, location: 2F 1-2: Ball 2-2: Strikes out swinging
|
| Top of the 2nd over - 2 runs, 1 hit, 0 errors, 0 left on base; Bluefield 2 - Texas (APP) 0 |
| BOTTOM OF THE 2ND |
|
Texas (APP) Rangers batting - Pitching for Bluefield Blue Jays : LHP Jack Osborne
|
|
Batting: RHB Elias Sagrero
|
0-0: Ball 1-0: Swinging Strike 1-1: Ball 2-1: Foul Ball, location: 2F 2-2: Strikes out swinging
|
|
Batting: RHB Nick Solberg
|
0-0: Ball 1-0: Ball 2-0: Called Strike 2-1: Ball 3-1: Base on Balls
|
|
Batting: RHB Luis Solorzano
|
0-0: Ball 1-0: Ball 2-0: Foul Ball, location: 2F 2-1: Ball 3-1: Base on Balls Nick Solberg to second
|
|
Batting: LHB Santino Pisanello
|
0-0: Called Strike 0-1: Ball 1-1: Fielders Choice at 2nd, 1-6 (Groundball, 13S, EV 65.6 MPH) Nick Solberg to third
|
|
Batting: LHB Eddie Reyes
|
0-0: Ball 1-0: Foul Ball, location: 2F 1-1: Ball 2-1: Called Strike 2-2: Fielders Choice at 2nd, 6-4 (Groundball, 6, EV 98.8 MPH)
|
| Bottom of the 2nd over - 0 runs, 0 hits, 0 errors, 2 left on base; Bluefield 2 - Texas (APP) 0 |
| TOP OF THE 3RD |
|
Bluefield Blue Jays batting - Pitching for Texas (APP) Rangers : LHP Michael Colin
|
|
Batting: RHB Jorge Alva
|
0-0: DOUBLE (Line Drive, 89XD, EV 110.0 MPH)
|
|
Batting: LHB Nate Greening
|
0-0: Ball 1-0: Ball Jorge Alva steals 3rd base 2-0: Foul Ball, location: 2F 2-1: Foul Ball, location: 2F 2-2: Strikes out swinging
|
|
Batting: RHB Akira Kubo
|
0-0: Ground out 6-3 (Groundball, 6, EV 89.4 MPH) Jorge Alva scores
|
|
Batting: RHB Mark Noftall
|
0-0: Swinging Strike 0-1: DOUBLE (Flyball, 9LD, EV 100.6 MPH)
|
|
Batting: RHB Terry Plumley
|
0-0: Called Strike 0-1: Foul Ball, location: 2F 0-2: Foul Ball, location: 2F 0-2: Strikes out looking
|
| Top of the 3rd over - 1 run, 2 hits, 0 errors, 1 left on base; Bluefield 3 - Texas (APP) 0 |
| BOTTOM OF THE 3RD |
|
Texas (APP) Rangers batting - Pitching for Bluefield Blue Jays : LHP Jack Osborne
|
|
Batting: SHB Albert Ortiz
|
0-0: Ball 1-0: Foul Ball, location: 2F 1-1: Called Strike 1-2: Strikes out swinging
|
|
Batting: SHB Tim Rogers
|
0-0: SINGLE (Flyball, 7LS, EV 86.2 MPH)
|
|
Batting: RHB Ron Squires
|
0-0: Called Strike 0-1: Ball 1-1: Fielders Choice at 2nd, 4-6 (Groundball, 4, EV 83.1 MPH)
|
|
Batting: RHB Jerry Foster
|
0-0: Ball 1-0: Ball 2-0: Ball 3-0: Called Strike 3-1: Base on Balls Ron Squires to second
|
|
Batting: RHB Elias Sagrero
|
0-0: Ball 1-0: Called Strike 1-1: Swinging Strike 1-2: Ball 2-2: Ball 3-2: Foul Ball, location: 2F 3-2: Foul Ball, location: 2F 3-2: Foul Ball, location: 2F 3-2: Hit by Pitch Ron Squires to third Jerry Foster to second
|
|
Batting: RHB Nick Solberg
|
0-0: Called Strike 0-1: Ball 1-1: GRAND SLAM HOME RUN (Flyball, 78XD, EV 104.4 MPH), Distance : 409 ft
|
|
Batting: RHB Luis Solorzano
|
0-0: Ball 1-0: Foul Ball, location: 2F 1-1: Ball 2-1: Foul Ball, location: 2F 2-2: Strikes out looking
|
| Bottom of the 3rd over - 4 runs, 2 hits, 0 errors, 0 left on base; Bluefield 3 - Texas (APP) 4 |
| TOP OF THE 4TH |
|
Bluefield Blue Jays batting - Pitching for Texas (APP) Rangers : LHP Michael Colin
|
|
Batting: RHB Jorge Cruz
|
0-0: Ball 1-0: Foul Ball, location: 2F 1-1: Ball 2-1: Foul Ball, location: 2F 2-2: Strikes out swinging
|
|
Batting: RHB John Rios
|
0-0: Ball 1-0: Foul Ball, location: 2F 1-1: SINGLE (Flyball, 34D, EV 82.5 MPH)
|
|
Batting: RHB Manny Elizondo
|
0-0: Foul Ball, location: 2F 0-1: Ball 1-1: Fly out, F8 (Line Drive, 8RM, EV 87.5 MPH)
|
|
Batting: LHB Ron de Vos
|
0-0: Ball 1-0: Called Strike 1-1: Ball 2-1: Ball 3-1: Called Strike 3-2: Strikes out looking
|
| Top of the 4th over - 0 runs, 1 hit, 0 errors, 1 left on base; Bluefield 3 - Texas (APP) 4 |
| BOTTOM OF THE 4TH |
|
Texas (APP) Rangers batting - Pitching for Bluefield Blue Jays : LHP Jack Osborne
|
|
Batting: LHB Santino Pisanello
|
0-0: Called Strike 0-1: Ball 1-1: Swinging Strike 1-2: DOUBLE (Line Drive, 89D, EV 111.2 MPH)
|
|
Batting: LHB Eddie Reyes
|
0-0: Ground out 4-3 (Groundball, 4, EV 78.8 MPH) Santino Pisanello to third
|
|
Batting: SHB Albert Ortiz
|
0-0: Called Strike 0-1: Fly out, F7 (Flyball, 7D, EV 95.0 MPH) Runner from 3rd tags up, SCORES, no throw by LF
|
|
Batting: SHB Tim Rogers
|
0-0: Called Strike 0-1: Foul Ball, location: 2F 0-2: Ground out 5-3 (Groundball, 56S, EV 85.0 MPH)
|
| Bottom of the 4th over - 1 run, 1 hit, 0 errors, 0 left on base; Bluefield 3 - Texas (APP) 5 |
| TOP OF THE 5TH |
|
Bluefield Blue Jays batting - Pitching for Texas (APP) Rangers : LHP Michael Colin
|
|
Batting: RHB Jorge Alva
|
0-0: Ball 1-0: Ball 2-0: Called Strike 2-1: Ball 3-1: Foul Ball, location: 2F 3-2: Strikes out looking
|
|
Batting: LHB Nate Greening
|
0-0: Ball 1-0: Foul Ball, location: 2F 1-1: Swinging Strike 1-2: Strikes out swinging
|
|
Batting: RHB Akira Kubo
|
0-0: Ball 1-0: Fly out, F8 (Flyball, 8LM, EV 95.6 MPH)
|
| Top of the 5th over - 0 runs, 0 hits, 0 errors, 0 left on base; Bluefield 3 - Texas (APP) 5 |
| BOTTOM OF THE 5TH |
|
Texas (APP) Rangers batting - Pitching for Bluefield Blue Jays : LHP Jack Osborne
|
|
Batting: RHB Ron Squires
|
0-0: Ground out 4-3 (Groundball, 34, EV 80.6 MPH)
|
|
Batting: RHB Jerry Foster
|
0-0: Fly out, F7 (Line Drive, 7S, EV 105.0 MPH)
|
|
Batting: RHB Elias Sagrero
|
0-0: Ground out 1-3 (Groundball, 13S, EV 70.0 MPH)
|
| Bottom of the 5th over - 0 runs, 0 hits, 0 errors, 0 left on base; Bluefield 3 - Texas (APP) 5 |
| TOP OF THE 6TH |
|
Bluefield Blue Jays batting - Pitching for Texas (APP) Rangers : LHP Michael Colin
|
|
Batting: RHB Mark Noftall
|
0-0: Ball 1-0: Swinging Strike 1-1: Called Strike 1-2: Foul Ball, location: 2F 1-2: Fly out, F8 (Line Drive, 8LM, EV 91.2 MPH)
|
|
Batting: RHB Terry Plumley
|
0-0: Ball 1-0: Foul Ball, location: 2F 1-1: Foul Ball, location: 2F 1-2: Ground out U3 (Groundball, 3, EV 83.8 MPH)
|
|
Batting: RHB Jorge Cruz
|
0-0: Called Strike 0-1: Ball 1-1: Swinging Strike 1-2: SINGLE (Flyball, 56D, EV 88.8 MPH)
|
|
Batting: RHB John Rios
|
0-0: Ball 1-0: Called Strike 1-1: Ball Jorge Cruz steals 2nd, throwing error, E2 Jorge Cruz to third 2-1: Ball 3-1: Foul Ball, location: 2F 3-2: Strikes out swinging
|
| Top of the 6th over - 0 runs, 1 hit, 1 error, 1 left on base; Bluefield 3 - Texas (APP) 5 |
| BOTTOM OF THE 6TH |
|
Texas (APP) Rangers batting - Pitching for Bluefield Blue Jays : LHP Jack Osborne
|
|
Pitching: RHP Gu Won
|
|
|
Batting: RHB Nick Solberg
|
0-0: Ball 1-0: Ball 2-0: Foul Ball, location: 2F 2-1: Ball 3-1: Base on Balls
|
|
Batting: RHB Luis Solorzano
|
0-0: Called Strike 0-1: Grounds into double play, 3-6-3 (Groundball, 3, EV 103.1 MPH)
|
|
Batting: LHB Santino Pisanello
|
0-0: Ball 1-0: Swinging Strike 1-1: Ball 2-1: Fly out, F6 (Popup, 56, EV 55.0 MPH)
|
| Bottom of the 6th over - 0 runs, 0 hits, 0 errors, 0 left on base; Bluefield 3 - Texas (APP) 5 |
| TOP OF THE 7TH |
|
Bluefield Blue Jays batting - Pitching for Texas (APP) Rangers : LHP Michael Colin
|
|
Batting: RHB Manny Elizondo
|
0-0: SINGLE (Groundball, 6M, EV 103.8 MPH)
|
|
Pinch Hitting: RHB Mike Chamberlain
|
0-0: Called Strike Manny Elizondo steals 2nd, throwing error, E2 Manny Elizondo to third 0-1: Foul Ball, location: 2F 0-2: DOUBLE (Groundball, 5L, EV 109.4 MPH) Manny Elizondo scores
|
|
Pinch Hitting: SHB Kevin Watson
|
0-0: SINGLE (Line Drive, 6MD, EV 98.1 MPH) Mike Chamberlain to third Runner from 3rd tries for Home, SAFE, throw by CF to home Kevin Watson to second
|
|
Pitching: RHP Seved Landgre
|
|
|
Batting: LHB Nate Greening
|
0-0: Bunted foul 0-1: Sac Bunt to 15 - play at first, batter OUT! 1-4 Kevin Watson to third
|
|
Batting: RHB Akira Kubo
|
0-0: Called Strike 0-1: Called Strike 0-2: Fly out, F9 (Flyball, 9D, EV 88.1 MPH) Runner from 3rd tags up, OUT at HOME! 9-2
|
| Top of the 7th over - 2 runs, 3 hits, 1 error, 0 left on base; Bluefield 5 - Texas (APP) 5 |
| BOTTOM OF THE 7TH |
|
Texas (APP) Rangers batting - Pitching for Bluefield Blue Jays : RHP Gu Won
|
|
Now in CF: Jake Bronner
|
|
|
Now in RF: Mike Chamberlain
|
|
|
Batting: LHB Eddie Reyes
|
0-0: Ball 1-0: Called Strike 1-1: Ball 2-1: Foul Ball, location: 2F 2-2: Ground out 6-3 (Groundball, 6, EV 95.0 MPH)
|
|
Batting: SHB Albert Ortiz
|
0-0: Ball 1-0: Swinging Strike 1-1: Swinging Strike 1-2: Foul Ball, location: 2F 1-2: Ball 2-2: Ball 3-2: Base on Balls
|
|
Batting: SHB Tim Rogers
|
0-0: Called Strike 0-1: Foul Ball, location: 2F 0-2: Ball 1-2: Fly out, F5 (Popup, 56, EV 74.4 MPH)
|
|
Batting: RHB Ron Squires
|
0-0: Ball 1-0: Fly out, F9 (Line Drive, 89M, EV 93.8 MPH)
|
| Bottom of the 7th over - 0 runs, 0 hits, 0 errors, 1 left on base; Bluefield 5 - Texas (APP) 5 |
| TOP OF THE 8TH |
|
Bluefield Blue Jays batting - Pitching for Texas (APP) Rangers : RHP Seved Landgre
|
|
Batting: RHB Mark Noftall
|
0-0: Ball 1-0: Called Strike 1-1: Ball 2-1: Ground out 6-3 (Groundball, 6, EV 87.5 MPH)
|
|
Batting: RHB Terry Plumley
|
0-0: Fly out, F7 (Line Drive, 78D, EV 99.4 MPH)
|
|
Pinch Hitting: LHB Lothar Middelkoop
|
0-0: Called Strike 0-1: Ball 1-1: Ground out U3 (Groundball, 3, EV 103.8 MPH)
|
| Top of the 8th over - 0 runs, 0 hits, 0 errors, 0 left on base; Bluefield 5 - Texas (APP) 5 |
| BOTTOM OF THE 8TH |
|
Texas (APP) Rangers batting - Pitching for Bluefield Blue Jays : RHP Gu Won
|
|
Now at 2B: Nate Greening
|
|
|
Now at SS: Lothar Middelkoop
|
|
|
Batting: RHB Jerry Foster
|
0-0: Ball 1-0: Reached on error, E2 (Groundball, 15S, EV 63.1 MPH)
|
|
Batting: RHB Elias Sagrero
|
0-0: Ball 1-0: Called Strike 1-1: Ball 2-1: Ball 3-1: Foul Ball, location: 2F 3-2: Base on Balls
|
|
Batting: RHB Nick Solberg
|
0-0: Called Strike 0-1: Grounds into double play, 4-6-3 (Groundball, 4, EV 83.8 MPH) Jerry Foster to third
|
|
Pitching: RHP Eric Bessire
|
|
|
Batting: RHB Luis Solorzano
|
0-0: SINGLE (Groundball, 5D, EV 99.4 MPH) Jerry Foster scores
|
|
Batting: LHB Santino Pisanello
|
0-0: Foul Ball, location: 2F 0-1: Ball Luis Solorzano steals 2nd base 1-1: Called Strike 1-2: Ball 2-2: Ball 3-2: Foul Ball, location: 2F 3-2: Foul Ball, location: 2F 3-2: SINGLE (Groundball, 56D, EV 97.5 MPH) Luis Solorzano to third Runner from 3rd tries for Home, throw by LF and OUT! 7-2
|
| Bottom of the 8th over - 1 run, 2 hits, 1 error, 1 left on base; Bluefield 5 - Texas (APP) 6 |
| TOP OF THE 9TH |
|
Bluefield Blue Jays batting - Pitching for Texas (APP) Rangers : RHP Seved Landgre
|
|
Pitching: LHP Ryan Tillett
|
|
|
Batting: RHB John Rios
|
0-0: Ball 1-0: Foul Ball, location: 2F 1-1: Foul Ball, location: 2F 1-2: Strikes out looking
|
|
Batting: RHB Manny Elizondo
|
0-0: Swinging Strike 0-1: Foul Ball, location: 2F 0-2: Strikes out swinging
|
|
Batting: RHB Mike Chamberlain
|
0-0: Ball 1-0: Foul Ball, location: 2F 1-1: Foul Ball, location: 2F 1-2: DOUBLE (Flyball, 8RXD, EV 98.1 MPH)
|
|
Batting: RHB Jake Bronner
|
0-0: Called Strike 0-1: Ball 1-1: Ball 2-1: Foul Ball, location: 2F 2-2: Fly out, F8 (Flyball, 8LD, EV 103.1 MPH)
|
| Top of the 9th over - 0 runs, 1 hit, 0 errors, 1 left on base; Bluefield 5 - Texas (APP) 6 |
|